 Dungeon Crawl Stone Soup version 0.24.0-123-gd5b16e6ec5 (webtiles) character file.

Game seed: 6462852151299712600, levelgen mode: deterministic

306 FishyPogo the Skirmisher (level 6, 0/55 (56) HPs)
             Began as a Minotaur Gladiator on Jan 1, 2020.
             Slain by an orc wizard
             ... wielding a +0 dagger
              (3 damage)
             ... on level 4 of the Dungeon.
             The game lasted 00:03:56 (1121 turns).

FishyPogo the Skirmisher (Minotaur Gladiator)       Turns: 1121, Time: 00:03:57

HP:   0/55 (56)     AC:  3    Str: 20    XL:     6   Next: 16%
MP:   5/5           EV: 13    Int:  5    God:
Gold: 92            SH:  0    Dex: 12    Spells: 5/5 levels left

rFire    . . .     SeeInvis .   a - +0 long sword
rCold    . . .     Gourm    .   (no shield)
rNeg     . . .     Faith    .   b - +0 leather armour
rPois    .         Spirit   .   c - +0 hat
rElec    .         Reflect  .   (no cloak)
rCorr    .         Harm     .   (no gloves)
MR       .....                  (no boots)
Stlth    +.........             (no amulet)
HPRegen  0.18/turn              (no ring)
MPRegen  0.09/turn              (no ring)

@: no status effects
A: retaliatory headbutt, horns 2
a: no special abilities


You were on level 4 of the Dungeon.
You were not hungry.

You visited 1 branch of the dungeon, and saw 4 of its levels.

You collected 92 gold pieces.

Inventory:

Hand Weapons
 a - a +0 long sword (weapon)
Missiles
 d - 3 throwing nets
 k - 45 stones (quivered)
Armour
 b - a +0 leather armour (worn)
 c - a +0 hat (worn)
Jewellery
 n - a +2 amulet of reflection {unknown}
Scrolls
 j - a scroll of teleportation
 l - a scroll of remove curse
Potions
 e - a potion of degeneration {unknown}
 h - a potion of agility {unknown}
 i - a potion of lignification {unknown}
 m - a potion of curing {unknown}
Comestibles
 f - 3 rations
 g - a chunk of flesh


   Skills:
 * Level 5.0 Fighting
 + Level 4.7 Long Blades
 - Level 2.0 Throwing
 * Level 4.0 Armour
 + Level 4.3 Dodging


You had 5 spell levels left.
You didn't know any spells.
Your spell library was empty.

Dungeon Overview and Level Annotations

Branches:
Dungeon (4/15)
 Temple: D:4-7

Altars:


Innate Abilities, Weirdness & Mutations

You reflexively headbutt those who attack you in melee.
You have a pair of horns on your head.


Message History

You barely miss something.
You hear some strange, mumbled words.
You are confused.
You hit something but do no damage. Something hits you.
* * * LOW HITPOINT WARNING * * *
You miss something. Something hits you but does no damage.
Something hits you but does no damage.
You closely miss something. Your headbutt misses something. Something hits you.
* * * LOW HITPOINT WARNING * * *
You bump into the rock wall.
You feel less confused. Something hits you but does no damage.
You miss something.
You hear some strange, mumbled words.
A puff of flame appears from out of thin air!
The puff of flame hits you!
* * * LOW HITPOINT WARNING * * *
Something barely misses you.
You closely miss something. Something hits you.
You die...

...##'###+## #...........
##### #........... #....
#........... #....
#........... #....
#........... #....
#........... #....
#.{..........#....
#@...........#.... #
###............#####
#####.#.)##'######.......#
..........)......#.......#
.......#.........#.......#
.......#.........#.......#
#+######....####'#.......#
..####....##.....###'###
............#.....+....#.


There were no monsters in sight!

Vanquished Creatures
  A necrophage (D:4)
  A water moccasin skeleton (D:4)
  A hound (D:4)
  An orc priest (D:4)
  An iguana (D:4)
  A worker ant (D:4)
  An adder (D:3)
  2 oozes (D:1)
  An adder skeleton (D:4)
  2 worms
  2 leopard geckos
  4 orcs (D:4)
  3 giant cockroaches
  3 goblins
  4 hobgoblins
  4 bats
  2 frilled lizards
  5 kobolds (D:1)
  2 rats (D:1)
41 creatures vanquished.

Notes
Turn   | Place    | Note
-------+----------+-------------------------------------------
     0 | D:1      | FishyPogo the Minotaur Gladiator began the quest for the
                  | Orb.
     0 | D:1      | Reached XP level 1. HP: 18/18 MP: 0/0
   177 | D:1      | Reached skill level 1 in Armour
   203 | D:1      | Reached XP level 2. HP: 20/25 MP: 1/1
   298 | D:1      | Reached skill level 3 in Fighting
   519 | D:2      | Reached XP level 3. HP: 31/31 MP: 2/2
   672 | D:4      | Reached XP level 4. HP: 34/40 MP: 3/3
   709 | D:4      | Reached skill level 4 in Fighting
   848 | D:4      | Reached XP level 5. HP: 45/46 MP: 4/4
  1005 | D:4      | Noticed a necrophage
  1014 | D:4      | Killed a necrophage
  1048 | D:4      | Reached XP level 6. HP: 18/54 MP: 5/5
  1092 | D:4      | Reached skill level 5 in Fighting
  1121 | D:4      | Slain by an orc wizard

Levels and vault maps discovered:
D:1:      erik_arrival_triangle_medium, layout_basic
D:2:      layout_rooms, serial_forest, infiniplex_forest_join,
          infiniplex_forest_zigzag_2, infiniplex_forest_straight_3,
          infiniplex_forest_lined_1, infiniplex_forest_corner_1,
          infiniplex_forest_zigzag_1, infiniplex_forest_straight_2,
          infiniplex_forest_clump_curved, infiniplex_forest_clump_large,
          first_ration, minmay_tall_x
D:3:      layout_basic, ashenzari_altar_1, serial_corexii_hall,
          chequers_hall_statues_y, corexii_hall_statues_s,
          corexii_hall_statues_x, minmay_misc_feat_doors
D:4:      layout_gridville

Skill      XL: |  1  2  3  4  5  6 |
---------------+-------------------+-----
Armour         | 1 2 3 4 |  4.0
Fighting       | 3 4 5 |  5.0
Long Blades    | 4 |  4.7
Dodging        | 4 |  4.3
Throwing       | |  2.0

Action                   |  1- 3 |  4- 6 || total
-------------------------+-------+-------++-------
Melee: Long sword        |    45 |    40 ||    85
       Headbutt          |     7 |    12 ||    19
       Hand axe          |       |     4 ||     4
Throw: Stone             |       |     3 ||     3
  Use: Scroll            |       |     4 ||     4
  Eat: Chunk             |       |     1 ||     1
Armor: Leather armour    |    11 |     6 ||    17
Dodge: Dodged            |    37 |    18 ||    55
       Rpst.: Long sword |     9 |     6 ||    15
